 Dungeon Crawl Stone Soup version 0.29-a0-284-gf9362112df (webtiles) character file.

Game seed: 10907013170193059932

40 NotOkHand the Slasher (level 3, 0/30 HPs)
             Began as a Draconian Gladiator on Mar 18, 2022.
             Slain by Terence
             ... wielding a +0 short sword
              (3 damage)
             ... on level 2 of the Dungeon.
             The game lasted 00:06:51 (675 turns).

NotOkHand the Slasher (Draconian Gladiator)          Turns: 675, Time: 00:06:51

Health: 0/30       AC:  5    Str: 18    XL:     3   Next: 30%
Magic:  3/3        EV: 12    Int:  8    God:
Gold:   77         SH:  0    Dex: 12    Spells: 2/2 levels left

rFire   . . .      SeeInvis .   a - +0 long sword
rCold   . . .      Faith    .   (no shield)
rNeg    . . .      Spirit   .   (body armour unavailable)
rPois   .          Reflect  .   b - +0 hat
rElec   .          Harm     .   (no cloak)
rCorr   .          Rampage  .   (no gloves)
Will    .....                   (no boots)
Stlth   +.........              (no amulet)
HPRegen 0.10/turn               (no ring)
MPRegen 0.08/turn               (no ring)

@: no status effects
A: AC +5, unfitting armour, cold-blooded
a: no special abilities


You were on level 2 of the Dungeon.
You visited 1 branch of the dungeon, and saw 2 of its levels.

You collected 77 gold pieces.

Inventory:

Hand Weapons
 a - a +0 long sword (weapon)
 i - a +0 rapier
Missiles
 c - 3 throwing nets (quivered)
 d - a javelin
Armour
 b - a +0 hat (worn)
Scrolls
 g - a scroll of amnesia
 h - a scroll of fear {unknown}
Potions
 e - a potion of cancellation {unknown}
 f - a potion of attraction {unknown}


   Skills:
 + Level 2.5 Fighting
 + Level 3.7 Long Blades
 + Level 1.9 Throwing
 + Level 3.2 Dodging


You had 2 spell levels left.
You didn't know any spells.
Your spell library was empty.

Dungeon Overview and Level Annotations

Branches:
Dungeon (2/15)

Altars:

Annotations:
D:2 Terence


Innate Abilities, Weirdness & Mutations

Your plain brown scales are hard. (AC +5)
You cannot fit into any form of body armour.
You are cold-blooded and may be slowed by cold attacks.


Message History

You closely miss Terence.
Your tail-slap misses Terence.
Terence is heavily wounded.
The kobold hits you but does no damage. Terence hits you but does no damage.
You barely miss Terence.
Terence is heavily wounded.
The kobold closely misses you. Terence hits you with a +0 short sword.
You hit Terence.
Terence is severely wounded.
The kobold closely misses you. Terence closely misses you.
Terence barely misses you. The kobold closely misses you.
You hit Terence. You tail-slap Terence.
Terence is almost dead.
The kobold barely misses you. Terence hits you with a +0 short sword.
You miss the kobold. The kobold hits you but does no damage.
Terence completely misses you.
You hit the kobold but do no damage.
Your tail-slap misses the kobold.
The kobold misses you. Terence hits you with a +0 short sword.
You hit the kobold.
The kobold is moderately wounded.
The kobold barely misses you. Terence barely misses you.
You slash the kobold!
You kill the kobold!
Terence hits you with a +0 short sword.
* * * LOW HITPOINT WARNING * * *
Terence hits you with a +0 short sword.
* * * LOW HITPOINT WARNING * * *
You barely miss Terence.
Terence is almost dead.
Terence misses you.
You hit Terence but do no damage.
Terence is almost dead.
Terence closely misses you.
You barely miss Terence.
Terence is almost dead.
Terence hits you but does no damage.
You barely miss Terence.
You tail-slap Terence, but do no damage.
Terence is almost dead.
Terence hits you with a +0 short sword.
You die...

.####.... .......#
##.....# .....###
#......# ####...##.##
#### ###..........####
.....
................##......
..####.##.......@@.....!
######.##........)......
...............###......
.####..###.....# ......
#....##.....# ....[
#.##.......## ..<.. ...
#≈.....≈# .... ##..
#≈≈...≈≈# #### ###
##≈≈#≈≈##


You could see Terence.

Vanquished Creatures
  An adder (D:2)
  A worm (D:2)
  3 dart slugs
  3 endoplasms
  2 giant cockroaches (D:1)
  3 goblins (D:2)
  2 hobgoblins
  2 ball pythons
  A bat (D:2)
  2 frilled lizards
  2 kobolds (D:2)
22 creatures vanquished.

Notes
Turn   | Place    | Note
-------+----------+-------------------------------------------
     0 | D:1      | NotOkHand the Draconian Gladiator began the quest for the
                  | Orb.
     0 | D:1      | Reached XP level 1. HP: 17/17 MP: 1/1
   160 | D:1      | Reached XP level 2. HP: 20/24 MP: 2/2
   618 | D:2      | Reached XP level 3. HP: 28/30 MP: 3/3
   648 | D:2      | Noticed Terence
   675 | D:2      | Slain by Terence

Illustrated notes

Levels and vault maps discovered:
D:1:      dpeg_arrival_long_road, layout_basic
D:2:      layout_rooms, kennysheep_nub, uniq_sigmund, uniq_terence

Skill      XL: |  1  2 |
---------------+-------+-----
Dodging        | 3 |  3.2
Fighting       | |  2.5
Long Blades    | |  3.7
Throwing       | |  1.9

Action                   || total
-------------------------++-------
Melee: Long sword        ||    88
       Tailslap          ||    17
  Use: Scroll            ||     1
Armor: Skin              ||    32
Dodge: Dodged            ||    74

Table legend: (Time is in decaauts)
 A = Elapsed time spent in this place.
 B = Non-inter-level travel time spent in this place.
 C = Inter-level travel time spent in this place.
 D = Time resting spent in this place.
 E = Time spent auto-exploring this place.
 F = Levels seen in this place.
 G = Mean time per level.
                   A        B        C        D        E       F      G
               +--------+--------+--------+--------+--------+-----+--------+
         Total |    696 |    196 |    500 |      0 |      0 |   2 |  348.0 |
       Dungeon |    696 |    196 |    500 |      0 |      0 |   2 |  348.0 |
               +--------+--------+--------+--------+--------+-----+--------+

Top non-repeatable levels by time:
     D:1: 470 daAuts
     D:2: 225 daAuts
